 Dungeon Crawl Stone Soup version 0.30-a0-1112-gfb780f5df6 (console) character file.

Game seed: 13349940482138472930

371 jejorda2 the Poker (level 6, -4/50 HPs)
             Began as a Merfolk Berserker on Apr 19, 2023.
             Was a Believer of Trog.
             Slain by a gnoll
             ... wielding a +2 vampiric halberd
              (6 damage)
             ... on level 4 of the Dungeon.
             The game lasted 00:05:01 (2552 turns).

jejorda2 the Poker (Merfolk Berserker)              Turns: 2552, Time: 00:05:01

Health: -4/50      AC:  9    Str: 19    XL:     6   Next: 71%
Magic:  6/6        EV:  8    Int:  7    God:    Trog [**....]
Gold:   212        SH:  5    Dex: 13    Spells: 5/5 levels left

rFire   . . .      SeeInvis .    a - +0 spear
rCold   + . .      Faith    .    (no shield)
rNeg    . . .      Spirit   .    p - +0 chain mail
rPois   .          Reflect  +    (no helmet)
rElec   .          Rampage  .    (no cloak)
rCorr   .                        (no gloves)
Will    .....                    (no boots) Stlth
                                 i - amulet of reflection
HPRegen 0.28/turn                (no ring)
MPRegen 0.10/turn                (no ring)

@: on berserk cooldown, slowed, very slow
A: (nimble swimmer 2), mertail, cold resistance 1
a: Renounce Religion, Berserk, Trog's Hand


You were on level 4 of the Dungeon.
You worshipped Trog.
Trog was pleased with you.
You visited 1 branch of the dungeon, and saw 4 of its levels.

You collected 212 gold pieces.

Inventory:

Hand Weapons
 a - a +0 spear (weapon)
Missiles
 b - 44 stones
 c - 4 poisoned darts (quivered)
Armour
 p - a +0 chain mail (worn)
Jewellery
 i - an amulet of reflection (around neck)
Scrolls
 e - a scroll of torment {unknown}
 g - 2 scrolls of silence {unknown}
 h - 5 scrolls of identify {unknown}
 j - 2 scrolls of teleportation {unknown}
 k - a scroll of magic mapping {unknown}
 o - 3 scrolls of vulnerability {unknown}
Potions
 d - 2 potions of mutation
 f - 7 potions of curing
 l - a potion of cancellation {unknown}
 m - a potion of heal wounds {unknown}
 n - a potion of lignification {unknown}


   Skills:
 + Level 4.8 Fighting
 * Level 7.4 Polearms
 + Level 2.8 Armour
 - Level 2.6 Dodging


You had 5 spell levels left.
You didn't know any spells.
Your spell library was empty.

Dungeon Overview and Level Annotations

Branches:
Dungeon (4/15)
 Temple: D:4-7

Altars:
Uskayaw

Shops:
D:1 :


Innate Abilities, Weirdness & Mutations

((You are very nimble when in or above water. (Stealth+, EV+, Speed+++)))
Your lower body shifts to a powerful aquatic tail in water.
Your flesh is cold resistant. (rC+)


Message History

The gnoll draws strength from your wounds!
Reach: a) +0 spear
Press: ? - help, Dir - move target, f/p - gnoll
Aim: a gnoll, wielding a +2 vampiric halberd (heavily wounded, about 31% to evade your +0 spear)
You reach to attack!
You hit the gnoll but do no damage.
The gnoll is heavily wounded.
The gnoll hits you from afar with a +2 vampiric halberd.
* * * LOW HITPOINT WARNING * * *
Reach: a) +0 spear
Press: ? - help, Dir - move target, f/p - gnoll
Aim: a gnoll, wielding a +2 vampiric halberd (heavily wounded, about 31% to evade your +0 spear)
You reach to attack!
You closely miss the gnoll.
The gnoll is heavily wounded.
The gnoll closely misses you.
Reach: a) +0 spear
Press: ? - help, Dir - move target, f/p - gnoll
Aim: a gnoll, wielding a +2 vampiric halberd (heavily wounded, about 31% to evade your +0 spear)
You reach to attack!
You hit the gnoll.
The gnoll is heavily wounded.
You feel the effects of Trog's Hand fading.
The gnoll hits you from afar with a +2 vampiric halberd!
* * * LOW HITPOINT WARNING * * *
The gnoll draws strength from your wounds!
It was a potion of mutation.
You feel extremely strange.
You feel resistant to cold. You block the gnoll's attack.
Press: ? - help, v - describe, . - travel The floor, spattered with blood.
Unknown command.
The gnoll hits you from afar with a +2 vampiric halberd!
* * * LOW HITPOINT WARNING * * *
The gnoll hits you from afar with a +2 vampiric halberd.
* * * LOW HITPOINT WARNING * * *
Your skin stops crawling.
You feel less strong-willed.
The gnoll hits you from afar with a +2 vampiric halberd.
* * * LOW HITPOINT WARNING * * *
Really walk into that dispersal trap?
You enter a dispersal trap!
The gnoll blinks!
You blink.
The gnoll hits you from afar with a +2 vampiric halberd.
You die...

#..# #.......###
#..####.........#
#....##.........#
#..#..#.........#
##..............#
####...[.......#
#.#.........####
#.#............# #
#.....g.@....#....
#..##.............
#..##..§..........
#..##.........#..#
##.##.........# .#
#..§.........#
##.)..........#
#))###.#####.....#.##..
........# #.#
#.......#..


You could see a gnoll.

Vanquished Creatures
  An ogre (D:4)
  A scorpion (D:4)
  A howler monkey (D:3)
  An orc priest (D:4)
  An orc wizard (D:4)
  3 adders
  2 gnolls (D:4)
  A white imp (D:4)
  3 dart slugs
  6 orcs
  8 endoplasms
  3 giant cockroaches
  5 goblins
  6 hobgoblins
  6 jackals
  2 quokkas (D:3)
  3 ball pythons
  3 bats
  A frilled lizard (D:2)
  10 kobolds
  4 rats
71 creatures vanquished.

Notes
Turn   | Place    | Note
-------+----------+-------------------------------------------
     0 | D:1      | jejorda2 the Merfolk Berserker began the quest for the Orb.
     0 | D:1      | Reached XP level 1. HP: 18/18 MP: 1/1
   190 | D:1      | Reached XP level 2. HP: 24/24 MP: 2/2
   624 | D:1      | Found Wastrurau's Book Emporium.
   998 | D:2      | Reached ** piety under Trog
  1033 | D:2      | Reached XP level 3. HP: 29/29 MP: 3/3
  1115 | D:2      | Reached skill level 5 in Polearms
  1198 | D:2      | Found a faded altar of an unknown god.
  1537 | D:3      | Reached XP level 4. HP: 37/37 MP: 4/4
  1571 | D:3      | Found a hide-covered altar of Uskayaw.
  2248 | D:3      | Reached XP level 5. HP: 42/42 MP: 5/5
  2356 | D:4      | Noticed an ogre
  2365 | D:4      | Killed an ogre
  2366 | D:4      | Reached skill level 6 in Polearms
  2369 | D:4      | Reached XP level 6. HP: 49/49 MP: 6/6
  2517 | D:4      | Reached skill level 7 in Polearms
  2547 | D:4      | Gained mutation: Your flesh is cold resistant. (rC+)
                  | [potion of mutation]
  2548 | D:4      | HP: 2/50 [gnoll/+2 vampiric halberd (7)]
  2552 | D:4      | Slain by a gnoll

Illustrated notes

Levels and vault maps discovered:
D:1:      roderic_octagonal_star, layout_loops_corners, serial_shops,
          nicolae_shop_tiny_real_fake_doors, minmay_misc_feat_pillars
D:2:      layout_basic, ebering_ecumenical_altar_sacrificial,
          minmay_small_reverse_x
D:3:      layout_basic, mainiacjoe_overflow_alcove_4, st_stairs_14,
          dreamdust_wishing_well
D:4:      layout_rooms, nzn_wu_jian_council_hall,
          nicolae_overflow_quartered_altars, general_overflow_altar

Skill      XL: |  1  2  3  4  5  6 |
---------------+-------------------+-----
Polearms       | 5 6 7 |  7.4
Armour         | 2 |  2.8
Fighting       | 4 |  4.8
Dodging        | |  2.6

Action                     |  1- 3 |  4- 6 || total
---------------------------+-------+-------++-------
  Melee: Spear             |   172 |   131 ||   303
         Punch             |       |     1 ||     1
 Invoke: Berserk           |       |     2 ||     2
         Trog's Hand       |       |     2 ||     2
    Use: Potion            |       |     2 ||     2
   Stab: Sleeping          |     4 |       ||     4
 Armour: Leather armour    |    11 |       ||    11
         Ring mail         |    30 |    13 ||    43
         Chain mail        |       |    19 ||    19
  Dodge: Dodged            |    57 |    40 ||    97
  Block: Other             |    21 |    23 ||    44
         Reflection        |     5 |       ||     5

Table legend: (Time is in decaauts)
 A = Elapsed time spent in this place.
 B = Non-inter-level travel time spent in this place.
 C = Inter-level travel time spent in this place.
 D = Time resting spent in this place.
 E = Time spent auto-exploring this place.
 F = Levels seen in this place.
 G = Mean time per level.
                   A        B        C        D        E       F      G
               +--------+--------+--------+--------+--------+-----+--------+
         Total |   2506 |   2327 |    179 |     49 |   1782 |   4 |  626.5 |
       Dungeon |   2506 |   2327 |    179 |     49 |   1782 |   4 |  626.5 |
               +--------+--------+--------+--------+--------+-----+--------+

Top non-repeatable levels by time:
     D:1: 973 daAuts
     D:3: 917 daAuts
     D:2: 521 daAuts
     D:4: 94 daAuts
